 Dungeon Crawl Stone Soup version 0.23.2 (webtiles) character file.

Game seed: 4317488462717087684

39 Fang the Skirmisher (level 3, -1/24 HPs)
             Began as a Gargoyle Berserker on Apr 4, 2019.
             Was a Follower of Trog.
             Slain by an adder (2 damage)
             ... on level 2 of the Dungeon.
             The game lasted 00:00:42 (1370 turns).

Fang the Skirmisher (Gargoyle Berserker)            Turns: 1370, Time: 00:00:43

Health: -1/24      AC:  5    Str: 21    XL:     3   Next: 47%
Magic:  3/3        EV: 12    Int:  7    God:    Trog [*.....]
Gold:   38         SH:  0    Dex:  9    Spells: 2/2 levels left

rFire    . . .     SeeInvis .   a - +0 hand axe
rCold    . . .     Gourm    .   (no shield)
rNeg     + . .     Faith    .   b - +0 animal skin
rPois    ∞         Spirit   .   (no helmet)
rElec    +         Reflect  .   (no cloak)
rCorr    .         Harm     .   (no gloves)
MR       .....                  (no boots)
Stlth    +.........             (no amulet)
HPRegen  0.08/turn              (no ring)
MPRegen  0.08/turn              (no ring)

@: berserk cooldown, slowed, very slow
A: negative energy resistance 1, electricity resistance, unbreathing,
petrification resistance, rot immunity, AC +3
a: Berserk, Renounce Religion


You were on level 2 of the Dungeon.
You worshipped Trog.
Trog was aware of your devotion.
You were very hungry.

You visited 1 branch of the dungeon, and saw 2 of its levels.

You collected 38 gold pieces.

Inventory:

Hand Weapons
 a - a +0 hand axe (weapon)
Armour
 b - a +0 animal skin (worn)
Scrolls
 d - a scroll of fog {unknown}
 e - 3 scrolls of random uselessness {unknown}
 h - a scroll of remove curse {unknown}
 i - a scroll of identify {unknown}
 j - 3 scrolls of immolation {unknown}
 l - a scroll of enchant armour {unknown}
Potions
 f - 4 potions of mutation {unknown}
 g - 2 potions of curing {unknown}
Comestibles
 c - 2 rations


   Skills:
 + Level 3.7 Fighting
 + Level 3.1 Axes
 + Level 2.8 Armour
 + Level 2.0 Dodging


You had 2 spell levels left.
You didn't know any spells.
Your spell library was empty.

Dungeon Overview and Level Annotations

Branches:
Dungeon (2/15)

Altars:

Annotations:
D:2 Sigmund


Innate Abilities, Weirdness & Mutations

You are resistant to torment.
Your stone body is resilient. (AC +3)
You are immune to poison.
You resist negative energy. (rN+)
You are resistant to electric shocks. (rElec)
You can survive without breathing.
You are immune to petrification.
You are immune to rotting.


Message History

You are too injured to fight recklessly!
You are too injured to fight recklessly!
The hobgoblin closely misses you.
The goblin unwields a +0 hunting sling.
The goblin wields a +0 dagger.
The goblin barely misses you. The adder bites you.
The goblin no longer looks unusually strong.
The adder bites you.
* * * LOW HITPOINT WARNING * * *
The hobgoblin barely misses you. The quokka closely misses you.
The adder closely misses you. The quokka barely misses you.
There is a stone staircase leading down here.
Things that are here:
a +0 dagger; a goblin corpse The adder bites you.
* * * LOW HITPOINT WARNING * * *
The quokka bites you.
* * * LOW HITPOINT WARNING * * *
The adder bites you.
You die...

..... ..# .... ..#
...##.## ###.#...
......###.#
#.####†lg....#####
#.....@gg# #...#
...####rS# #.#.#
#...)@#####.#.#
#.###.....#.#.# #
#...###.#.#.#
#.#.. #.#.#.#
#.#.#.#.#.#.#### #
###.#.#.#....#
#.#.####.# #.#.#
#.# #.#.####.#


You could see Sigmund, an adder, a quokka, a hobgoblin, 2 goblins and a frilled
lizard.

Vanquished Creatures
  Robin (D:2)
  2 bats (D:1)
  7 goblins
  6 hobgoblins
  4 kobolds
  A ball python (D:1)
  3 frilled lizards
  3 rats
27 creatures vanquished.

Notes
Turn   | Place    | Note
-------+----------+-------------------------------------------
     0 | D:1      | Fang the Gargoyle Berserker began the quest for the Orb.
     0 | D:1      | Reached XP level 1. HP: 14/14 MP: 1/1
   287 | D:1      | Reached XP level 2. HP: 8/19 MP: 2/2
  1347 | D:2      | Noticed Robin
  1355 | D:2      | Reached XP level 3. HP: 23/23 MP: 3/3
  1357 | D:2      | Noticed Sigmund
  1360 | D:2      | Killed Robin
  1370 | D:2      | HP: 1/24 [quokka (3)]
  1370 | D:2      | Slain by an adder

Skill      XL: |  1  2  3 |
---------------+----------+-----
Axes           | 3 |  3.1
Dodging        | 2 |  2.0
Fighting       | |  3.7
Armour         | |  2.8

Action                   || total
-------------------------++-------
Melee: Hand axe          ||    60
Invok: Berserk           ||     1
  Eat: Chunk             ||     1
Armor: Animal skin       ||    26
Dodge: Dodged            ||    51
